 Dungeon Crawl Stone Soup version 0.15.2 (webtiles) character file.

1009 Heini the Covered (level 8, -2/51 HPs)
             Began as a Minotaur Fighter on Feb 13, 2015.
             Was a Follower of Okawaru.
             Slain by an Executioner (illusionary) (11 damage)
             ... on Level 1 of the Abyss.
             The game lasted 00:10:26 (4315 turns).

Heini the Covered (Minotaur Fighter)                Turns: 4315, Time: 00:10:26

HP  -2/51        AC  8     Str 20      XL: 8   Next:  1%
MP   2/2         EV  6     Int  4      God: Okawaru [*.....]
Gold 205         SH  8     Dex  5      Spells:  0 memorised,  7 levels left

rFire  + . .     SeeInvis .     a - +1 flail
rCold  x . .     Rnd*Rage +     b - +0 scale mail
rNeg   . . .     rCorr    .     c - +0 shield
rPois  .         rRot     .     z - +2 hat
rElec  .         Spirit   .     (no cloak)
SustAb .         Warding  .     (no gloves)
rMut   +         Rnd*Tele +     o - +0 pair of boots
Gourm  .                        n - amulet of resist mutation
MR     .....                    j - ring of fire
                                p - +3 ring of intelligence

@: exhausted, non-regenerating, slowed, very slow, not resistant to hostile
enchantments, extremely unstealthy
A: retaliatory headbutt, horns 2, berserk 3, blurry vision 3, clumsy 2, deformed
body, deterioration 3, dopey 2, frail 3, low mp 3, screaming 3, slow healing 3,
teleportitis 3, weak 2, no device heal 3, forlorn, placid magic 3
a: Heroism, Renounce Religion


You were on level 1 of the Abyss.
You worshipped Okawaru.
Okawaru was aware of your devotion.
You were near starving.

You visited 1 branch of the dungeon, and saw 5 of its levels.
You visited the Abyss 1 time.

You collected 205 gold pieces.

Inventory:

Hand weapons
 a - a +1 flail (weapon)
Armour
 b - a +0 scale mail (worn)
 c - a +0 shield (worn)
 o - a +0 pair of boots (worn)
 z - a +2 hat (worn)
Comestibles
 d - 3 bread rations
 f - 2 meat rations
 l - a beef jerky
 A - 2 fruits
Scrolls
 m - a scroll of enchant armour {unknown}
 t - 2 scrolls of enchant weapon
 u - a scroll of magic mapping {unknown}
 v - a scroll of teleportation
 x - a scroll of recharging
 y - a scroll of identify
Jewellery
 j - a ring of fire (right hand)
 n - an amulet of resist mutation (around neck)
 p - a +3 ring of intelligence (left hand)
 s - an uncursed ring of protection from cold {unknown}
 B - a +1 ring of dexterity {unknown}
Potions
 e - 2 potions of might
 g - 2 potions of curing
 h - a potion of agility
 k - a potion of restore abilities
 q - a potion of confusion
 r - a potion of poison {unknown}
 w - a potion of haste


   Skills:
 * Level 7.2 Fighting
 * Level 7.0 Maces & Flails
 * Level 7.3 Armour
 - Level 3.6 Shields


You had 7 spell levels left.
You didn't know any spells.

Dungeon Overview and Level Annotations

Branches:
Dungeon (5/15)
 Temple: D:4-7

Altars:
Cheibriados
Makhleb
Nemelex Xobeh
Okawaru
Trog

Shops:
D:5 *


Innate Abilities, Weirdness & Mutations

You reflexively headbutt those who attack you in melee.
You have a pair of horns on your head.
[You have an uncontrollable temper.]
[Your vision is extremely blurry.]
[You are very clumsy. (Dex -4)]
[Armour fits poorly on your strangely shaped body.]
[Your body is rapidly deteriorating.]
[You are very dopey. (Int -4)]
[You are extremely frail (-30% HP).]
[Your magical capacity is extremely low (-30% MP).]
[You frequently scream uncontrollably at your foes.]
[You do not heal naturally.]
[Space frequently distorts in your vicinity.]
[You are very weak. (Str -4)]
[Potions and wands cannot restore your health.]
[You have difficulty communicating with the divine.]
[Your spells are much easier to cast, but much less powerful.]


Message History

The Executioner barely misses you.
Your shield prevents you from hitting the wretched star.
You headbutt the wretched star.
The wretched star is heavily damaged.
The Executioner gestures at you.
You barely resist. The Executioner hits you!
* * * LOW HITPOINT WARNING * * *
The Executioner hits you but does no damage. x2
The Executioner hits you.
The Executioner hits you but does no damage.
You block the Executioner's attack. The Executioner hits you.
* * * LOW HITPOINT WARNING * * *
The Executioner hits you but does no damage.
You block the Executioner's attack.
The rakshasa weaves an illusion.
The Executioner shimmers and seems to become two!
You hit the wretched star.
The wretched star is heavily damaged.
The Executioner hits you!!
You die...

#. . .#
#. ####
[..
#@1#. #
..#*#1#
#
.R*#.##
#.
.##X. '
.. .
#.# . .
#.# # #
#.## .
#.. #
.. .
..##


You could see 2 wretched stars, 2 Executioners, a rakshasa and a large
abomination.

Vanquished Creatures
  A hungry ghost (Abyss:1)
  A small abomination (Abyss:1)
  A phantom (D:5)
  2 ogres (D:4)
  A scorpion (D:5)
  A hippogriff skeleton (D:5)
  A crimson imp (D:5)
  An orc priest (D:4)
  3 worker ants
  An orc wizard (D:3)
  Jessica (D:3)
  4 adders
  3 gnolls
  A giant mite (D:5)
  An inept item mimic (D:4)
  A white imp (Abyss:1)
  2 worms
  A gnoll skeleton (D:5)
  4 giant geckos
  2 oozes
  10 orcs
  11 bats
  7 giant cockroaches
  4 hobgoblins
  8 jackals
  2 quokkas (D:5)
  A ball python (D:2)
  7 giant newts
  10 goblins
  14 kobolds
  11 rats
  2 plants (D:3)
120 creatures vanquished.

Notes
Turn   | Place    | Note
--------------------------------------------------------------
     0 | D:1      | Heini, the Minotaur Fighter, began the quest for the Orb.
     0 | D:1      | Reached XP level 1. HP: 19/19 MP: 1/1
    15 | D:1      | Reached skill level 4 in Fighting
    15 | D:1      | Reached XP level 2. HP: 21/27 MP: 1/1
   295 | D:1      | Reached XP level 3. HP: 34/34 MP: 2/2
   427 | D:2      | Found a burning altar of Makhleb.
   708 | D:2      | Found a snail-covered altar of Cheibriados.
   779 | D:2      | Reached XP level 4. HP: 38/41 MP: 2/2
  1204 | D:3      | Found a sparkling altar of Nemelex Xobeh.
  1433 | D:3      | Reached skill level 5 in Armour
  1489 | D:3      | Noticed Jessica
  1495 | D:3      | Killed Jessica
  1495 | D:3      | Reached skill level 5 in Fighting
  1495 | D:3      | Reached XP level 5. HP: 43/48 MP: 2/2
  2060 | D:4      | Noticed an ogre
  2064 | D:4      | Killed an ogre
  2064 | D:4      | Reached XP level 6. HP: 32/56 MP: 3/3
  2581 | D:4      | Found a bloodstained altar of Trog.
  2632 | D:4      | Reached skill level 5 in Maces & Flails
  2632 | D:4      | Reached skill level 6 in Armour
  2870 | D:4      | Found an iron altar of Okawaru.
  2913 | D:4      | Became a worshipper of Warmaster Okawaru
  3054 | D:5      | Entered Level 5 of the Dungeon
  3081 | D:5      | Reached XP level 7. HP: 48/63 MP: 3/3
  3973 | D:5      | Found Piujaar's Assorted Antiques.
  3985 | D:5      | Cast into the Abyss (orc)
  3999 | Abyss:1  | Noticed a thrashing horror
  4030 | Abyss:1  | Acquired Okawaru's first power
  4030 | Abyss:1  | Reached skill level 7 in Fighting
  4232 | Abyss:1  | Noticed a wretched star
  4247 | Abyss:1  | Noticed a rakshasa
  4252 | Abyss:1  | Reached XP level 8. HP: 29/73 MP: 2/2
  4284 | Abyss:1  | Noticed an Executioner
  4312 | Abyss:1  | Noticed a large abomination
  4315 | Abyss:1  | Slain by an Executioner (illusionary)

Action                   |  1- 3 |  4- 6 |  7- 9 || total
-------------------------+-------+-------+-------++-------
Melee: Flail             |   120 |   180 |   163 ||   463
Evoke: Wand              |       |     1 |       ||     1
  Use: Scroll            |     8 |     1 |       ||     9
       Potion            |       |       |     1 ||     1
  Eat: Chunk             |       |     7 |     2 ||     9
       Bread ration      |       |       |     1 ||     1
